 Dungeon Crawl Stone Soup version 0.21.0-3-g78d12a8 (webtiles) character file.

186 Inarius the Chiller (level 5, -9/39 HPs)
             Began as a Draconian Ice Elementalist on Jan 11, 2018.
             Mangled by Ripsaw's ghost (17 damage)
             ... on level 5 of the Dungeon.
             The game lasted 00:06:46 (2905 turns).

Inarius the Chiller (Draconian Ice Elementalist)    Turns: 2905, Time: 00:06:47

Health: -9/39      AC:  6    Str: 10    XL:     5   Next: 38%
Magic:  10/10      EV: 12    Int: 16    God:
Gold:   192        SH:  0    Dex: 12    Spells: 3/11 levels left

rFire    . . .     SeeInvis .   g - +1 dagger (protect)
rCold    . . .     Gourm    .   (no shield)
rNeg     . . .     Faith    .   (armour unavailable)
rPois    +         Spirit   .   (helmet restricted)
rElec    .         Reflect  .   t - +0 cloak
rCorr    .         Harm     .   (no gloves)
MR       .....                  (no boots)
Stlth    ++........             (no amulet)
HPRegen  0.13/turn              q - ring of poison resistance
MPRegen  0.12/turn              (no ring)

@: no status effects
A: unfitting armour, cold-blooded, AC +5
a: no special abilities


You were on level 5 of the Dungeon.
You were not hungry.

You visited 1 branch of the dungeon, and saw 5 of its levels.

You collected 192 gold pieces.

Inventory:

Hand Weapons
 g - a +1 dagger of protection (weapon)
Armour
 t - a +0 cloak (worn)
Jewellery
 q - a ring of poison resistance (left hand)
Wands
 k - a wand of flame (61)
Scrolls
 c - 5 scrolls of identify {unknown}
 i - a scroll of magic mapping {unknown}
 m - 3 scrolls of remove curse {unknown}
 r - a scroll of noise {unknown}
 s - a scroll of teleportation {unknown}
Potions
 d - 3 potions of curing
 e - 2 potions of brilliance {unknown}
 f - a potion of magic {unknown}
 h - a potion of haste {unknown}
 j - a potion of lignification {unknown}
 l - a potion of berserk rage {unknown}
 o - 2 potions of agility {unknown}
 p - a potion of might {unknown}
Books
 a - a book of Frost

   Spells                             Type                      Level
   a - Freeze                         Ice                          1
   b - Throw Frost                    Conjuration/Ice              2
   c - Ozocubu's Armour               Charms/Ice                   3
   d - Throw Icicle                   Conjuration/Ice              4
   e - Summon Ice Beast               Ice/Summoning                4
Comestibles
 b - 5 rations


   Skills:
 + Level 0.3 Fighting
 + Level 2.0 Dodging
 - Level 1.7 Stealth
 + Level 3.6 Spellcasting
 * Level 1.2 Conjurations
 + Level 1.0 Charms
 * Level 4.6 Ice Magic


You had 3 spell levels left.
You knew the following spells:

 Your Spells              Type           Power        Failure   Level  Hunger
a - Freeze                Ice            ###.         2%          1    None
b - Ozocubu's Armour      Chrm/Ice       ##......     17%         3    ###....
c - Throw Icicle          Conj/Ice       ##......     45%         4    ####...


Dungeon Overview and Level Annotations

Branches:
Dungeon (5/15)
 Temple: D:4-7

Altars:

Annotations:
D:5 Ripsaw's ghost, amateur TrTm


Innate Abilities, Weirdness & Mutations

Your plain brown scales are hard. (AC +5)
You cannot fit into any form of body armour.
You are cold-blooded and may be slowed by cold attacks.


Message History

You destroy the bullfrog skeleton!
Ripsaw's ghost (amateur Troll Transmuter) comes into view.
Found a scroll labeled CUQIQA LYLIT and 23 stones.
There is a stone staircase leading up here.
Magic restored.
You climb upwards.
The phantom closely misses you. The ogre barely misses you.
The phantom closely misses you.
There is a stone staircase leading down here.
The phantom closely misses you. The ogre hits you with a giant club!
You climb downwards.
Level annotation: Ripsaw's ghost, amateur TrTm Ripsaw's ghost hits you!
* * * LOW HITPOINT WARNING * * *
There is a stone staircase leading up here.
Ripsaw's ghost closely misses you. The phantom misses you.
The phantom hits you!
* * * LOW HITPOINT WARNING * * *
The phantom blinks!
It was a potion of curing.
You feel better. Ripsaw's ghost hits you!
You die...

#....# .......
##.?...####.......
#........#........
#..........#....
#..........#..
#...........#
#.....W.....##
#.......W....#
#.....@##.<.##
#.....#####..#
##..## ##.....# ##
##..### .## .# .#
##


You could see a phantom and Ripsaw's ghost.

Vanquished Creatures
  A bullfrog skeleton (D:5)
  An orc wizard (D:4)
  A howler monkey skeleton (D:4)
  4 adders
  2 oozes
  2 worms (D:3)
  6 orcs
  2 ball pythons
  6 bats
  6 giant cockroaches
  9 goblins
  5 hobgoblins
  2 jackals (D:1)
  A quokka (D:2)
  5 frilled lizards
  11 kobolds
  2 rats
66 creatures vanquished.

Notes
Turn   | Place    | Note
-------+----------+-------------------------------------------
     0 | D:1      | Inarius the Draconian Ice Elementalist began the quest for the Orb.
     0 | D:1      | Reached XP level 1. HP: 14/14 MP: 3/3
   250 | D:1      | Reached XP level 2. HP: 20/20 MP: 1/5
   990 | D:2      | Reached skill level 4 in Ice Magic
   990 | D:2      | Reached XP level 3. HP: 22/26 MP: 1/6
  1039 | D:2      | Learned a level 3 spell: Ozocubu's Armour
  1669 | D:3      | Reached XP level 4. HP: 30/33 MP: 7/7
  2270 | D:3      | Learned a level 4 spell: Throw Icicle
  2532 | D:4      | Reached skill level 1 in Charms
  2554 | D:4      | Reached XP level 5. HP: 12/39 MP: 0/9
  2829 | D:4      | Noticed a phantom
  2870 | D:4      | Noticed an ogre
  2877 | D:5      | Entered Level 5 of the Dungeon
  2893 | D:5      | Noticed Ripsaw's ghost (amateur TrTm)
  2905 | D:5      | Mangled by Ripsaw's ghost

Skill      XL: |  1  2  3  4 |
---------------+-------------+-----
Ice Magic      | 4 |  4.6
Dodging        | 2 |  2.0
Charms         | 1 |  1.0
Spellcasting   | 3 |  3.6
Fighting       | |  0.3
Stealth        | |  1.7
Conjurations   | |  1.2

Action                   |  1- 3 |  4- 6 || total
-------------------------+-------+-------++-------
Melee: Unarmed           |     2 |       ||     2
       Dagger            |    45 |    91 ||   136
       Tailslap          |    10 |    10 ||    20
 Cast: Freeze            |    52 |    27 ||    79
       Ozocubu's Armour  |       |     1 ||     1
Evoke: Wand              |       |     3 ||     3
  Use: Potion            |       |     1 ||     1
 Stab: Sleeping          |     2 |       ||     2
  Eat: Chunk             |     3 |     4 ||     7
Armor: Skin              |    22 |    42 ||    64
Dodge: Dodged            |    49 |    69 ||   118
